 Dungeon Crawl Stone Soup version 0.26.1-11-gd32895ea62 (webtiles) character file.

Game seed: 9359509199552935023

1436 vvl the Chiller (level 8, 0/67 HPs)
             Began as a Grey Draconian Ice Elementalist on July 9, 2021.
             Was an Initiate of Kikubaaqudgha.
             Splashed by a gnoll shaman's acid (9 damage)
             ... on level 6 of the Dungeon on July 12, 2021.
             The game lasted 00:27:04 (9608 turns).

vvl the Chiller (Grey Draconian Ice Elementalist)   Turns: 9608, Time: 00:27:05

Health: 0/67       AC:  3    Str: 11    XL:     8   Next: 45%
Magic:  15/15      EV: 12    Int: 17    God:    Kikubaaqudgha [......]
Gold:   149        SH:  0    Dex: 12    Spells: 7/16 levels left

rFire    . . .     SeeInvis +   r - +0 long sword
rCold    . . .     Faith    .   (no shield)
rNeg     . . .     Spirit   .   (armour unavailable)
rPois    .         Reflect  .   (helmet restricted)
rElec    .         Harm     .   c - scarf {shadows}
rCorr    .         Rampage  .   (no gloves)
Will     .....                  (no boots)
Stlth    ++........             d - amulet of magic regeneration
HPRegen  0.21/turn              u - ring of see invisible
MPRegen  0.39/turn              (no ring)

@: corroded
A: walk through water, unfitting armour, unbreathing, cold-blooded, AC +11
a: Renounce Religion


You were on level 6 of the Dungeon.
You worshipped Kikubaaqudgha.
Kikubaaqudgha was noncommittal.
You visited 2 branches of the dungeon, and saw 7 of its levels.

You collected 226 gold pieces.
You spent 77 gold pieces at shops.

Inventory:

Hand Weapons
 r - a +0 long sword (weapon)
Armour
 c - a scarf of shadows (worn)
Magical Staves
 w - an uncursed staff of poison
Jewellery
 d - an amulet of magic regeneration (around neck)
 u - a ring of see invisible (left hand)
Wands
 i - a wand of polymorph (7)
Scrolls
 b - 2 scrolls of immolation
 k - 4 scrolls of teleportation
 m - a scroll of enchant armour {unknown}
 n - 2 scrolls of fog
 o - 2 scrolls of remove curse
 q - a scroll of enchant weapon {unknown}
 s - a scroll of random uselessness {unknown}
 t - a scroll of blinking
Potions
 a - a potion of heal wounds
 e - a potion of lignification
 f - 2 potions of invisibility
 g - a potion of magic {unknown}
 h - 2 potions of attraction {unknown}
 j - 2 potions of ambrosia {unknown}
 p - a potion of flight {unknown}
 v - a potion of might {unknown}


   Skills:
 + Level 4.6 Fighting
 - Level 2.1 Dodging
 - Level 2.2 Stealth
 + Level 4.6 Spellcasting
 + Level 1.0 Conjurations
 + Level 2.5 Translocations
 + Level 2.5 Transmutations
 * Level 7.6 Ice Magic
 + Level 0.6 Air Magic
 + Level 1.0 Earth Magic


You had 7 spell levels left.
You knew the following spells:

 Your Spells              Type           Power        Failure   Level
a - Freeze                Ice            60%          1%          1
b - Frozen Ramparts       Ice            30%          1%          3
c - Ozocubu's Armour      Ice            15%          1%          3
d - Blink                 Tloc           N/A          8%          2

Your spell library contained the following spells:

 Spells                   Type           Power        Failure   Level
 Beastly Appendage        Tmut           12%          5%          1
 Wereblood                Tmut           6%           8%          2
 Magic Dart               Conj           12%          10%         1
 Summon Small Mammal      Summ           4%           14%         1
 Ice Form                 Ice/Tmut       10%          19%         4
 Call Imp                 Summ           1%           22%         2
 Slow                     Hex            1%           22%         2
 Hailstorm                Conj/Ice       9%           24%         4
 Spider Form              Tmut/Pois      2%           26%         3
 Summon Ice Beast         Ice/Summ       8%           30%         4
 Conjure Flame            Conj/Fire      2%           34%         3
 Mephitic Cloud           Conj/Pois/Air  2%           34%         3
 Call Canine Familiar     Summ           1%           41%         3
 Summon Guardian Golem    Hex/Summ       1%           41%         3
 Summon Lightning Spire   Summ/Air       2%           77%         4
 Blade Hands              Tmut           3%           82%         5


Dungeon Overview and Level Annotations

Branches:
Dungeon (6/15)             Temple (1/1) D:5

Altars:
Ashenzari
Cheibriados
Dithmenos
Elyvilon
Fedhas
Gozag
Hepliaklqana
Kikubaaqudgha
Makhleb
Nemelex Xobeh
Okawaru
Qazlal
Ru
Sif Muna
Trog
Uskayaw
Vehumet
Wu Jian
Xom
Yredelemnul
Zin
The Shining One

Shops:
D:6 ?


Innate Abilities, Weirdness & Mutations

You can walk through water.
Your dull iron-grey scales are very hard. (AC +11)
You cannot fit into any form of body armour.
You can survive without breathing.
You are cold-blooded and may be slowed by cold attacks.


Message History

The jackal barely misses you.
You riposte.
You hit the jackal.
The jackal is lightly wounded.
The gnoll shaman zaps a wand.
The bolt of acid hits you!
* * * LOW HITPOINT WARNING * * *
The acid corrodes you!
You are splashed with acid!
* * * LOW HITPOINT WARNING * * *
You feel much better. The jackal closely misses you.
The gnoll shaman barely misses you.
Unknown command.
You closely miss the gnoll shaman.
You tail-slap the gnoll shaman, but do no damage.
The gnoll shaman is lightly wounded.
The jackal misses you. The jackal bites you.
The gnoll shaman hits you with a +0 club.
The gnoll shaman zaps a wand.
The bolt of acid misses the jackal.
The bolt of acid hits you!!
* * * LOW HITPOINT WARNING * * *
You are splashed with acid!
You die...
Kikubaaqudgha rasps: "You have failed me!
Welcome... death!"

....#............#...
##...........##..#... .#
##...........#.#..## ...
######.............
....########......##.#..
....#......#.8.........#
#....≈≈≈≈≈≈#...##......#
#....g.......(.[##...###
#.....h@....(........#
#....≈≈≈≈≈≈#(.(.######
....#......#.8.(# ...
########....# ..
######.....# . .
##........###
..############(........#
..(.((...........#######
###########[.....#


You could see a gnoll shaman and a jackal.

Vanquished Creatures
  A wyvern (D:5)
  An acid dragon (D:5)
  2 sky beasts (D:5)
  An ogre (D:5)
  A centaur (D:5)
  A bullfrog (D:6)
  A gnoll sergeant (D:6)
  2 water moccasin zombies
  A howler monkey (D:5)
  2 bullfrog zombies
  A centaur zombie (D:5)
  A hound (D:4)
  A bullfrog skeleton (D:6)
  A centaur skeleton (D:5)
  2 orc wizards
  A worker ant (D:5)
  A killer bee zombie (D:5)
  A worker ant zombie (D:6)
  7 adders
  7 gnolls
  2 shadow imps
  A white imp (D:6)
  2 ufetubi
  2 oozes
  An adder skeleton (D:6)
  3 worms
  2 dart slugs (D:1)
  3 leopard geckos
  7 orcs
  A giant cockroach (D:2)
  9 goblins
  7 hobgoblins
  11 jackals
  2 quokkas
  7 bats
  8 frilled lizards
  6 kobolds
  A leopard gecko zombie (D:5)
  10 rats
121 creatures vanquished.

Notes
Turn   | Place    | Note
-------+----------+-------------------------------------------
     0 | D:1      | vvl the Draconian Ice Elementalist began the quest for the
                  | Orb.
     0 | D:1      | Reached XP level 1. HP: 14/14 MP: 3/3
   429 | D:1      | Reached XP level 2. HP: 20/20 MP: 0/5
  1381 | D:2      | Reached XP level 3. HP: 19/26 MP: 0/6
  2113 | D:2      | Found a sacrificial altar of Ru.
  2759 | D:2      | Learned a level 3 spell: Frozen Ramparts
  2891 | D:2      | Reached XP level 4. HP: 34/34 MP: 4/8
  3112 | D:3      | Reached skill level 1 in Fighting
  3652 | D:3      | Reached skill level 5 in Ice Magic
  4256 | D:3      | Found a glowing silver altar of Zin.
  4452 | D:3      | Reached XP level 5. HP: 26/41 MP: 1/9
  5752 | D:4      | Found a blossoming altar of Fedhas.
  5908 | D:5      | Entered Level 5 of the Dungeon
  5990 | D:5      | Reached XP level 6. HP: 23/50 MP: 4/11
  6161 | D:5      | Reached skill level 6 in Ice Magic
  6277 | D:5      | Noticed a sky beast
  6472 | D:5      | Killed a sky beast
  6697 | D:5      | Learned a level 3 spell: Ozocubu's Armour
  6700 | D:5      | Learned a level 2 spell: Blink
  6788 | D:5      | Your scales start taking on a dull iron-grey colour.
  6788 | D:5      | Reached XP level 7. HP: 28/57 MP: 7/13
  6788 | D:5      | Gained mutation: You can survive without breathing. [Grey
                  | Draconian growth]
  6949 | D:5      | Found a staircase to the Ecumenical Temple.
  6955 | Temple   | Entered the Ecumenical Temple
  6983 | Temple   | Became a worshipper of Kikubaaqudgha
  7305 | D:5      | Reached skill level 1 in Translocations
  7305 | D:5      | Reached skill level 1 in Transmutations
  7424 | D:5      | Noticed a wyvern
  7424 | D:5      | an ice beast changed into a wyvern
  7428 | D:5      | Killed a wyvern
  7429 | D:5      | Reached skill level 7 in Ice Magic
  7954 | D:5      | Reached XP level 8. HP: 13/66 MP: 14/14
  8804 | D:6      | Found Suhoziev's Magic Scroll Shoppe.
  8987 | D:6      | Bought a scroll of identify for 22 gold pieces
  8987 | D:6      | Bought a scroll of teleportation for 33 gold pieces
  8987 | D:6      | Bought a scroll of identify for 22 gold pieces
  9093 | D:6      | Reached skill level 1 in Earth Magic
  9596 | D:6      | Reached skill level 1 in Conjurations
  9608 | D:6      | Splashed by a gnoll shaman's acid

Illustrated notes

Levels and vault maps discovered:
D:1:      lordsloth_arrival_two_stooges, layout_basic, minmay_misc_feat_plants
D:2:      layout_basic, nicolae_ru_awakened_eye
D:3:      layout_loops_ring, general_overflow_altar, tgw_xom
D:4:      layout_loops_ring, fedhas_altar_2
D:5:      layout_rooms, minmay_temple_entry_nine_rooms
D:6:      layout_cave_pools, serial_gnoll_camp, gnoll_camp_medium_01,
          gnoll_camp_mini_hut, gnoll_camp_mini_basic, gnoll_camp_mini_basic,
          gnoll_camp_mini_hut, serial_shops, nicolae_shop_stone
Temple:   grunt_wide_crystal_templ

Skill      XL: |  1  2  3  4  5  6  7  8 |
---------------+-------------------------+-----
Stealth        | 2 |  2.2
Dodging        | 2 |  2.1
Fighting       | 1 2 3 4 |  4.6
Spellcasting   | 3 4 |  4.6
Ice Magic      | 5 6 7 |  7.6
Translocations | 1 2 |  2.5
Transmutations | 1 2 |  2.5
Earth Magic    | 1 |  1.0
Conjurations   | 1 |  1.0
Air Magic      | |  0.6

Action                   |  1- 3 |  4- 6 |  7- 9 || total
-------------------------+-------+-------+-------++-------
Melee: Unarmed           |    69 |   120 |    63 ||   252
       Tailslap          |     4 |    16 |    36 ||    56
       Long sword        |       |       |   127 ||   127
       Staff             |       |       |    15 ||    15
 Cast: Freeze            |    63 |    98 |     6 ||   167
       Frozen Ramparts   |       |     9 |     6 ||    15
       Ozocubu's Armour  |       |       |     2 ||     2
Evoke: Wand              |       |       |     3 ||     3
  Use: Scroll            |       |     5 |     6 ||    11
       Potion            |       |     2 |     5 ||     7
 Stab: Sleeping          |     2 |     2 |       ||     4
Armor: Skin              |    42 |    71 |   148 ||   261
Dodge: Dodged            |    96 |   158 |   227 ||   481
       Rpst.: Long sword |       |       |    44 ||    44
